 Dungeon Crawl Stone Soup version 0.20.1-1-g8b1a95d (webtiles) character file.

86 Jawreze the Conjurer (level 4, 0/33 HPs)
             Began as a Draconian Conjurer on Sept 21, 2017.
             Slain by a water moccasin (1 damage)
             ... on level 3 of the Dungeon.
             The game lasted 00:03:38 (1897 turns).

Jawreze the Conjurer (Draconian Conjurer)           Turns: 1897, Time: 00:03:39

Health: 0/33       AC:  5    Str: 10    XL:     4   Next: 26%
Magic:  2/7        EV: 12    Int: 17    God:
Gold:   51         SH:  0    Dex: 11    Spells: 7/8 levels left

rFire    + . .     SeeInvis .   h - +3 hand axe (freeze)
rCold    + . .     Gourm    .   (no shield)
rNeg     . . .     Faith    .   (armour unavailable)
rPois    +         Spirit   .   (helmet restricted)
rElec    +         Reflect  .   (no cloak)
rCorr    +         Harm     .   (no gloves)
MR       .....                  (no boots)
Stlth    ++........             (no amulet)
Regen    0.2/turn               (no ring)
MPRegen  0.1/turn               (no ring)

@: lethally poisoned (0 -> -6), resistant, very slightly contaminated
A: unfitting armour, cold-blooded, AC +5
a: no special abilities


You were on level 3 of the Dungeon.
You were not hungry.

You visited 1 branch of the dungeon, and saw 3 of its levels.

You collected 51 gold pieces.

Inventory:

Hand Weapons
 e - a +0 dagger
 h - a +3 hand axe of freezing (weapon)
Armour
 c - a +0 buckler
Wands
 d - a wand of flame (37/48)
Scrolls
 f - a scroll of blinking {unknown}
 g - a scroll of teleportation {unknown}
 i - a scroll of magic mapping {unknown}
 l - a scroll of enchant armour {unknown}
Potions
 m - a potion of brilliance {unknown}
Books
 a - a book of Conjurations

   Spells                             Type                      Level
   a - Magic Dart                     Conjuration                  1
   b - Searing Ray                    Conjuration                  2
   c - Dazzling Spray                 Conjuration/Hexes            3
   d - Fulminant Prism                Conjuration/Hexes            4
   e - Force Lance                    Conjuration/Translocation    4
   f - Iskenderun's Mystic Blast      Conjuration                  4
Comestibles
 b - 4 bread rations
 j - 5 chunks of flesh
 n - a meat ration


   Skills:
 + Level 2.5 Dodging
 - Level 1.7 Stealth
 * Level 2.2 Shields
 + Level 2.5 Spellcasting
 + Level 4.4 Conjurations


You had 7 spell levels left.
You knew the following spells:

 Your Spells              Type           Power        Failure   Level  Hunger
a - Magic Dart            Conj           ###.         3%          1    #......


Dungeon Overview and Level Annotations

Branches:
Dungeon (3/15)

Altars:


Innate Abilities, Weirdness & Mutations

Your plain brown scales are hard. (AC +5)
You cannot fit into any form of body armour.
You are cold-blooded and may be slowed by cold attacks.


Message History

Confirm with . or Enter, or press ? or * to list all spells.
Aiming: Magic Dart
Press: ? - help, Shift-Dir - straight line, f/p - water moccasin
Aim: a water moccasin (severely wounded)
The magic dart hits the water moccasin.
The water moccasin is severely wounded.
The water moccasin barely misses you.
The water moccasin bites you but does no damage.
You closely miss the water moccasin.
The water moccasin is severely wounded.
The water moccasin bites you! x2
* * * LOW HITPOINT WARNING * * *
You are lethally poisoned!
The water moccasin poisons you!
Unknown command.
It was a potion of resistance.
You feel protected.
* * * LOW HITPOINT WARNING * * *
You feel sick. The water moccasin bites you.
You die...

### #.# # #.#
#.####.# ...#.#
#..(#########
#.#.#@S.....#
#.<.)..####.#
..............#
.........#..###
###.........#
#.#..#.#..#
#..#..#.#..#
... ...#.....
.. ...........


You could see a water moccasin.

Vanquished Creatures
  3 adders (D:2)
  2 worms (D:2)
  A dart slug (D:2)
  A leopard gecko (D:1)
  3 bats (D:2)
  4 giant cockroaches
  6 goblins
  3 hobgoblins
  6 jackals (D:2)
  A ball python (D:1)
  8 frilled lizards
  7 kobolds
  3 rats (D:1)
48 creatures vanquished.

Notes
Turn   | Place    | Note
-------+----------+-------------------------------------------
     0 | D:1      | Jawreze the Draconian Conjurer began the quest for the Orb.
     0 | D:1      | Reached XP level 1. HP: 14/14 MP: 3/3
   227 | D:1      | Reached skill level 1 in Shields
   227 | D:1      | Reached XP level 2. HP: 20/20 MP: 0/5
  1191 | D:2      | Reached XP level 3. HP: 23/26 MP: 2/6
  1596 | D:2      | Reached XP level 4. HP: 32/33 MP: 7/7
  1886 | D:3      | Noticed a water moccasin
  1897 | D:3      | HP: 1/33 [poisoned by a water moccasin]
  1897 | D:3      | Slain by a water moccasin

Skill      XL: |  1  2  3 |
---------------+----------+-----
Shields        | 1 2 |  2.2
Dodging        | 2 |  2.5
Stealth        | |  1.7
Spellcasting   | |  2.5
Conjurations   | |  4.4

Action                   |  1- 3 |  4- 6 || total
-------------------------+-------+-------++-------
Melee: Unarmed           |     1 |       ||     1
       Dagger            |     4 |       ||     4
       Hand axe          |    33 |    11 ||    44
       Tailslap          |     1 |     1 ||     2
 Cast: Magic Dart        |    55 |    18 ||    73
  Use: Potion            |       |     1 ||     1
 Stab: Sleeping          |     1 |       ||     1
  Eat: Chunk             |     3 |     1 ||     4
Armor: Skin              |    18 |     6 ||    24
Dodge: Dodged            |    37 |     9 ||    46
